 Dungeon Crawl Stone Soup version 0.31-a0-358-gac0dbeb3ab (webtiles) character file.

Game seed: 12613646745702141174

505 Gelion the Changeling (level 6, 0/61 HPs)
             Began as a Troll Shapeshifter on July 25, 2023.
             Slain by a black bear (4 damage)
             ... on level 4 of the Dungeon.
             The game lasted 00:04:05 (2667 turns).

Gelion the Changeling (Troll Shapeshifter)          Turns: 2667, Time: 00:04:06

Health: 0/61       AC:  4    Str: 24    XL:     6   Next: 96%
Magic:  5/5        EV: 10    Int:  4    God:
Gold:   169        SH:  0    Dex: 12    Spells: 5/5 levels left

rFire   . .          .
                       - Unarmed
rCold   . . .        (no shield)
rNeg    . . .        a - +0 animal skin
rPois   .            (helmet currently unavailable)
rElec   .            (cloak currently unavailable)
rCorr   .            (gloves unavailable)
SInv    .            (boots unavailable)
Will    .....        (no amulet)
Stlth   +            (no ring)
HPRegen 1.10/turn    (no ring)
MPRegen 0.09/turn

%: no passive effects
@: beast-form
A: beast (slay +3), large, unfitting armour, claws 3, regeneration 1, shaggy fur
1, tough skin 1
a: Begin Untransformation


You were on level 4 of the Dungeon.
You were a hulking beast.
You visited 1 branch of the dungeon, and saw 4 of its levels.

You collected 169 gold pieces.

Inventory:

Armour
 a - a +0 animal skin (worn)
 l - a +0 tower shield
Talismans
 c - a beast talisman
Wands
 h - a wand of flame (15)
Scrolls
 e - 3 scrolls of enchant armour {unknown}
 f - 2 scrolls of vulnerability {unknown}
 k - a scroll of fear
 n - a scroll of blinking {unknown}
 p - a scroll of identify
Potions
 b - a potion of lignification
 d - a potion of brilliance
 g - a potion of haste
 i - 3 potions of curing
 j - a potion of might
 m - a potion of mutation
 o - a potion of resistance {unknown}


   Skills:
 + Level 3.0 Fighting
 - Level 1.5 Dodging
 + Level 4.7 Unarmed Combat
 * Level 5.2 Shapeshifting


You had 5 spell levels left.
You didn't know any spells.
Your spell library contained the following spells:

 Spells                   Type           Power      Damage    Failure   Level
 Apportation              Tloc           0%         N/A       50%         1
 Necrotise                Necr           0%         1d4       50%         1
 Summon Small Mammal      Summ           0%         N/A       50%         1
 Blink                    Tloc           0%         N/A       65%         2
 Lesser Beckoning         Tloc           0%         N/A       65%         2
 Momentum Strike          Conj/Tloc      0%         3d8       65%         2
 Sublimation of Blood     Necr           0%         N/A       65%         2
 Wereblood                Tmut           0%         N/A       65%         2
 Stone Arrow              Conj/Erth      0%         3d7       86%         3
 Animate Armour           Summ/Erth      0%         N/A       99%         4
 Leda's Liquefaction      Hex/Erth       0%         N/A       99%         4
 Lee's Rapid Deconstruct  Erth           0%         3d4*      100%        5
 Leda's Unmaking          Conj/Erth      0%         9d1       100%        6
 Summon Hydra             Summ           0%         N/A       100%        7
 Lehudib's Crystal Spear  Conj/Erth      0%         10d2      100%        8


Dungeon Overview and Level Annotations

Branches:
Dungeon (4/15)
 Temple: D:4-7

Altars:
Fedhas
Kikubaaqudgha
Makhleb
Okawaru
Zin


Innate Abilities, Weirdness & Mutations

You are a hulking beast.
Your limbs bulge with bestial killing power. (Slay +3)
You are too large for most types of armour.
You have claws for hands.
Your natural rate of healing is unusually fast.
You are covered in fur. (AC +1)
You have tough skin. (AC +1)


Message History

The black bear bites you. The black bear closely misses you. x2
You closely miss the black bear.
The black bear is lightly wounded.
You claw the black bear!
The black bear is severely wounded.
The black bear goes berserk!
You closely miss the black bear.
The black bear is severely wounded.
The black bear completely misses you. x2; The black bear claws you.
The black bear misses you. The black bear barely misses you.
The black bear claws you.
You barely miss the black bear.
The black bear is severely wounded.
The black bear bites you.
The black bear claws you but does no damage.
The black bear claws you.
You barely miss the black bear.
The black bear is severely wounded.
The black bear bites you. The black bear claws you.
The black bear barely misses you.
You scratch the black bear. You claw the black bear.
The black bear is almost dead.
The black bear bites you but does no damage.
The black bear claws you but does no damage.
The black bear claws you. The black bear bites you.
The black bear barely misses you. The black bear claws you.
You are too injured to fight recklessly!
You are too injured to fight recklessly!
You are too injured to fight recklessly!
You are too injured to fight recklessly!
The black bear barely misses you. x2
The black bear claws you but does no damage.
The black bear bites you! The black bear claws you.
* * * LOW HITPOINT WARNING * * *
The black bear claws you.
* * * LOW HITPOINT WARNING * * *
The black bear bites you!
* * * LOW HITPOINT WARNING * * *
The black bear claws you.
You die...

..###.... ........ .#
###.... ..# #.... ..#
#[... ########.#####
###.#
#.............#####.#
#....................
#...h.........#####..
#...h....### .....#.#
#####..##########....
#................
##.##########....
#..# ##### #.##
#.##############
#..............##


You could see a black bear (berserk).

Vanquished Creatures
  The ghost of hashsling the Conjurer, an amateur HuCj (D:3)
  A bullfrog (D:3)
  A hound (D:4)
  Terence (D:3)
  4 orc wizards
  Robin (D:3)
  2 adders
  A gnoll (D:1)
  A river rat (D:3)
  A shadow imp (D:4)
  4 worms
  2 dart slugs
  11 orcs
  5 ball pythons
  5 endoplasms
  7 giant cockroaches
  16 goblins
  6 hobgoblins
  7 bats
  3 frilled lizards
  5 kobolds
  5 rats
90 creatures vanquished.

Notes
Turn   | Place    | Note
-------+----------+-------------------------------------------
     0 | D:1      | Gelion the Troll Shapeshifter began the quest for the Orb.
     0 | D:1      | Reached XP level 1. HP: 18/18 MP: 0/0
    67 | D:1      | Reached skill level 1 in Fighting
    79 | D:1      | Reached XP level 2. HP: 27/27 MP: 1/1
   373 | D:1      | Reached XP level 3. HP: 32/33 MP: 2/2
  1598 | D:2      | Reached XP level 4. HP: 39/42 MP: 3/3
  1907 | D:3      | Noticed Robin
  1940 | D:2      | Reached skill level 4 in Shapeshifting
  1947 | D:3      | Killed Robin
  1995 | D:3      | Found an ancient bone altar of Kikubaaqudgha.
  1996 | D:3      | Found a glowing silver altar of Zin.
  2105 | D:3      | Noticed Terence
  2111 | D:3      | Killed Terence
  2112 | D:3      | Reached XP level 5. HP: 49/49 MP: 4/4
  2174 | D:3      | Found a runed translucent door.
  2175 | D:3      | Noticed hashsling's ghost (amateur HuCj)
  2192 | D:3      | Killed hashsling's ghost
  2193 | D:3      | Reached XP level 6. HP: 40/59 MP: 5/5
  2210 | D:3      | Found a runed translucent door.
  2219 | D:3      | Found a blossoming altar of Fedhas.
  2222 | D:3      | Found an iron altar of Okawaru.
  2223 | D:3      | Found a burning altar of Makhleb.
  2330 | D:3      | Found a faded altar of an unknown god.
  2530 | D:4      | Reached skill level 5 in Shapeshifting
  2667 | D:4      | Slain by a black bear

Illustrated notes

Levels and vault maps discovered:
D:1:      dpeg_arrival_simpleton_a, layout_loops_ring, serial_co_window_serial,
          co_window_paths_a, co_window_paths_b, co_window_paths_a,
          co_window_paths_a, co_window_paths_a, co_window_broadway_b,
          co_window_2corner, co_window_corner_b, co_window_corner_b,
          co_window_corner_b
D:2:      minmay_alternating_diamond, layout_loops_corners, serial_forest,
          infiniplex_forest_clump_medium, infiniplex_forest_corner_1,
          infiniplex_forest_end_2, infiniplex_forest_straight_5,
          infiniplex_forest_clump_long, infiniplex_forest_lined_room_2,
          infiniplex_forest_straight_1, infiniplex_forest_clump_diagonal,
          infiniplex_forest_end_2, chequers_serial_rivers_large_a
D:3:      layout_rooms, nicolae_overflow_hidden_temple,
          ebering_ecumenical_altar_abandoned, ebering_ghost_sewer_f,
          uniq_terence, uniq_robin
D:4:      layout_rooms, minmay_gold_behind_fungi

Skill      XL: |  1  2  3  4  5  6 |
---------------+-------------------+-----
Fighting       | 1 2 3 |  3.0
Shapeshifting  | 4 5 |  5.2
Unarmed Combat | 4 |  4.7
Dodging        | |  1.5

Action                     |  1- 3 |  4- 6 || total
---------------------------+-------+-------++-------
  Melee: Unarmed           |    90 |   112 ||   202
         Punch             |       |     3 ||     3
    Use: Scroll            |       |     8 ||     8
   Stab: Sleeping          |     1 |     1 ||     2
 Armour: Animal skin       |    23 |    33 ||    56
  Dodge: Dodged            |    43 |    53 ||    96

Table legend: (Time is in decaauts)
 A = Elapsed time spent in this place.
 B = Non-inter-level travel time spent in this place.
 C = Inter-level travel time spent in this place.
 D = Time resting spent in this place.
 E = Time spent auto-exploring this place.
 F = Levels seen in this place.
 G = Mean time per level.
                   A        B        C        D        E       F      G
               +--------+--------+--------+--------+--------+-----+--------+
         Total |   2654 |   2558 |     96 |     11 |   2064 |   4 |  663.5 |
       Dungeon |   2654 |   2558 |     96 |     11 |   2064 |   4 |  663.5 |
               +--------+--------+--------+--------+--------+-----+--------+

Top non-repeatable levels by time:
     D:2: 1105 daAuts
     D:1: 823 daAuts
     D:3: 502 daAuts
     D:4: 222 daAuts
